 Dungeon Crawl Stone Soup version 0.31.0-11-ge490571c62 (webtiles) character file.

Game seed: 6618527494345751583

1 qw the Shooter (level 1, -3/10 HPs)
             Began as a Spriggan Hunter on Feb 4, 2024.
             Slain by a kobold
             ... wielding a +4 dagger of venom
              (4 damage)
             ... on level 1 of the Dungeon.
             The game lasted 00:00:00 (121 turns).

qw the Shooter (Spriggan Hunter)                     Turns: 121, Time: 00:00:00

Health: -3/10      AC:  2    Str:  7    XL:     1   Next: 16%
Magic:  2/2        EV: 18    Int: 10    God:
Gold:   12         SH:  0    Dex: 18    Spells: 0/0 levels left

rFire   . . .        a - +0 shortbow
rCold   . . .        (shield currently unavailable)
rNeg    . . .        c - +0 robe
rPois   .            (helmet restricted)
rElec   .            (no cloak)
rCorr   .            (gloves unavailable)
SInv    +            (boots unavailable)
Will    .....        (no amulet)
Stlth   ++           (no ring)
HPRegen 0.21/turn    (no ring)
MPRegen 0.08/turn

%: no passive effects
@: lethally poisoned (-3 -> -11), very quick
A: very small, no large weapons, unfitting armour, see invisible, speed 3
a: no special abilities


You were on level 1 of the Dungeon.
You visited 1 branch of the dungeon, and saw 1 of its levels.

You collected 12 gold pieces.


Innate Abilities, Weirdness & Mutations

You are very small and have problems with some larger weapons.
You are too small for most types of armour.
You have supernaturally acute eyesight. (SInv)
You cover ground extremely quickly. (Speed+++)


   Skills:
 - Level 1.5 Fighting
 - Level 4.0 Ranged Weapons
 + Level 2.9 Dodging
 - Level 1.5 Stealth


You couldn't memorise any spells.
You didn't know any spells.
Your spell library was empty.

Inventory:

Hand Weapons
 a - a +0 shortbow (weapon)
Armour
 c - a +0 robe (worn)
Scrolls
 b - a scroll of butterflies
 d - a scroll of teleportation {unknown}
 e - a scroll of amnesia {unknown}

Dungeon Overview and Level Annotations

Branches:
Dungeon (1/15)

Altars:


Message History

Press ? for a list of commands and other information.
Found a scroll labelled KYMOFO BOITSE.
Found a staircase leading out of the dungeon.
Waypoint 0 assigned to D:1.
0 ||| PLANNING D:1-11
d - a scroll labelled KYMOFO BOITSE You now have 12 gold pieces.
e - a scroll labelled YRANWINUEM As you open the door, it creaks loudly!
There is an open door here.
You open the door.
There is an open door here.
There is an open door here.
You open the door.
There is an open door here.
You open the door.
There is an open door here.
You open the door.
A goblin comes into view. It is wielding a +0 club.
The goblin shouts!
You hear a shout!
A kobold comes into view. It is wielding a +4 dagger of venom.
You hear an angry hiss.
You shoot an arrow. The arrow barely misses the goblin.
The goblin barely misses you.
You shoot an arrow. The arrow hits the goblin.
The goblin is heavily wounded.
The goblin completely misses you.
You shoot an arrow. The arrow completely misses the goblin.
The goblin misses you.
You shoot an arrow. The arrow hits the goblin!
You kill the goblin!
The kobold barely misses you.
You shoot an arrow. The arrow barely misses the kobold.
The kobold hits you with a +4 dagger of venom.
Ouch! That really hurt!
You are lethally poisoned!
You shoot an arrow. The arrow hits the kobold.
The kobold is severely wounded.
You feel very sick.
The kobold hits you with a +4 dagger of venom.
You die...

##..##....#
#..#..#.##
##...##..## #
#####..#.# # ###.####
## ## ##.....## #. ..
.# ##.......## .##
.... .#
#...###...###K##.....
####..##
##....#@.......
###...##
##..#....#.....
##.....###...######
... ....#.......## .
##.###.....## #'##
###..## '## #...##
#.# ##...+ ..###
##..##


You could see a kobold.

Vanquished Creatures
  A goblin (D:1)
1 creature vanquished.

Notes
Turn   | Place    | Note
-------+----------+-------------------------------------------
     0 | D:1      | qw the Spriggan Hunter began the quest for the Orb.
     0 | D:1      | Reached XP level 1. HP: 10/10 MP: 2/2
     0 | D:1      | 0 ||| qw: Version: 0.3-a-160-g6735b56
     0 | D:1      | 0 ||| qw: Game counter: 4808
     0 | D:1      | 0 ||| qw: Melee chars always use a shield: true
     0 | D:1      | 0 ||| qw: God list: Okawaru
     0 | D:1      | 0 ||| qw: Allow faded altars: false
     0 | D:1      | 0 ||| qw: Do Orc after clearing Dungeon:15 true
     0 | D:1      | 0 ||| qw: Do second Lair branch before Depths: true
     0 | D:1      | 0 ||| qw: Lair rune preference: random
     0 | D:1      | 0 ||| qw: Goals: Normal
     0 | D:1      | 0 ||| PLANNING D:1-11
   121 | D:1      | HP: 1/10 [poisoned by a kobold]
   121 | D:1      | Slain by a kobold

Levels and vault maps discovered:
D:1:      dpeg_cavernosity, layout_loops_ring, corexii_hall_statues_x,
          dreamdust_wishing_well, minmay_tetromino_t4

Action                     || total
---------------------------++-------
   Fire: Shortbow          ||     6
 Armour: Robe              ||     2
  Dodge: Dodged            ||     4

Table legend:
 A = Non-vault XP
 B = Vault XP
 C = Vault XP percentage of total XP
 D = Non-vault monster count
 E = Vault monster count
 F = Vault count percentage of total count
                 A         B        C        D         E       F
            +---------+---------+-------+---------+---------+-------
      Total |       0 |       2 | 100.0 |       0 |       1 | 100.0
            +---------+---------+-------+---------+---------+-------
        D:1 |       0 |       2 | 100.0 |       0 |       1 | 100.0
            +---------+---------+-------+---------+---------+-------
